 Dungeon Crawl Stone Soup version 0.25.0-11-g1f837a76a1 (webtiles) character file.

Game seed: 886049097590320176

676 nikku the Magician (level 7, -1/36 HPs)
             Began as a Deep Elf Conjurer on June 24, 2020.
             Killed by divine providence
             ... invoked by an orc priest
              (13 damage)
             ... on level 4 of the Dungeon.
             The game lasted 00:12:44 (4381 turns).

nikku the Magician (Deep Elf Conjurer)              Turns: 4381, Time: 00:12:44

Health: -1/36      AC:  4    Str:  5    XL:     7   Next: 33%
Magic:  1/20       EV: 13    Int: 22    God:
Gold:   151        SH:  0    Dex: 15    Spells: 10/21 levels left

rFire    . . .     SeeInvis .   b - +1 short sword
rCold    . . .     Gourm    .   (no shield)
rNeg     . . .     Faith    .   a - +1 robe
rPois    .         Spirit   .   (no helmet)
rElec    .         Reflect  .   q - +0 cloak
rCorr    .         Harm     .   (no gloves)
MR       .....                  (no boots)
Stlth    ++........             (no amulet)
HPRegen  0.12/turn              p - ring of flight
MPRegen  0.17/turn              (no ring)

@: no status effects
A: no striking features
a: Evoke Flight


You were on level 4 of the Dungeon.
You were hungry.

You visited 1 branch of the dungeon, and saw 4 of its levels.

You collected 151 gold pieces.

Inventory:

Hand Weapons
 b - a +1 short sword (weapon)
Armour
 a - a +1 robe (worn)
 q - a +0 cloak (worn)
Jewellery
 p - a ring of flight (left hand)
Wands
 i - a wand of disintegration (4)
 m - a wand of iceblast (10)
Scrolls
 d - 3 scrolls of remove curse
 e - a scroll of amnesia
 g - a scroll of fog {unknown}
 h - 2 scrolls of teleportation
 o - a scroll of fear
Potions
 f - a potion of magic {unknown}
 j - a potion of curing
 k - a potion of berserk rage {unknown}
 l - a potion of heal wounds {unknown}
 n - a potion of might {unknown}
Comestibles
 c - 5 rations
 r - 9 chunks of flesh


   Skills:
 - Level 2.4 Dodging
 - Level 2.4 Stealth
 + Level 7.5 Spellcasting
 - Level 6.6 Conjurations
 + Level 3.4 Hexes
 + Level 2.8 Translocations


You had 10 spell levels left.
You knew the following spells:

 Your Spells              Type           Power        Failure   Level  Hunger
a - Magic Dart            Conj           ####         1%          1    None
b - Searing Ray           Conj           #####.       1%          2    None
c - Fulminant Prism       Conj/Hex       ####......   10%         4    ###....
d - Iskenderun's Mystic   Conj/Tloc      ####....     11%         4    ###....

Your spell library contained the following spells:

 Spells                   Type           Power        Failure   Level  Hunger
 Dazzling Flash           Conj/Hex       ####..       3%          3    None
 Beastly Appendage        Tmut           #.....       8%          1    None
 Sticks to Snakes         Tmut           #.......     12%         2    None
 Spider Form              Tmut/Pois      #.........   24%         3    None
 Ice Form                 Ice/Tmut       #.......     61%         4    ###....
 Blade Hands              Tmut           #.........   91%         5    #####..


Dungeon Overview and Level Annotations

Branches:
Dungeon (4/15)
 Temple: D:4-7

Altars:
Cheibriados


Message History

You easily resist.
The orc wizard mumbles some strange words.
The orc wizard seems to speed up.
Casting: Iskenderun's Mystic Blast (quite dangerous; 11% risk of failure)
Confirm with . or Enter, or press ? or * to list all spells.
Aiming: Magic Dart (safe; 1% risk of failure)
Press: ? - help, Shift-Dir - straight line, f - orc wizard
Aim: an orc wizard, wielding a +0 dagger and wearing a +0 robe (severely wounded, fast)
The magic dart hits the orc wizard.
The orc wizard is severely wounded.
You closely miss the orc wizard.
The orc wizard is severely wounded.
The orc wizard closely misses you.
The orc wizard hits you with a +0 dagger.
You hit the orc wizard.
The orc wizard is almost dead.
The orc wizard closely misses you.
The orc priest invokes the aid of Beogh against you.
Beogh smites you!
You die...

...####........))....#
.....?####.....###.#.#
(.....).....)..# #.#.#
...##..###.....###.#.#
...+...........'...#.######
....##.##......#####......#
..........#'#...oo)oo.....#
##.#.#....#_#..#o###.)....#
#.#......# #..#@###......#
#.#.##........#.#......###
+.#.. ..^....#.#o####.#
###.# #.#.#.#.#o####.# ...
#[#.#.#..).#.# ##.
#.#o##.#.# . .......#
#.###.o) #. ..oo.


You could see an orc priest, an orc wizard (fast) and an orc.

Vanquished Creatures
  3 ogres
  A hound (D:3)
  An orc wizard (D:4)
  A centaur skeleton (D:4)
  2 orc priests (D:4)
  Jessica (D:2)
  An iguana (D:4)
  A worker ant (D:4)
  5 adders
  3 oozes (D:1)
  4 worms
  3 dart slugs
  4 leopard geckos
  13 orcs (D:4)
  6 giant cockroaches
  10 goblins
  8 hobgoblins
  16 jackals
  A quokka (D:2)
  A ball python (D:4)
  A ball python skeleton (D:3)
  10 bats
  4 frilled lizards
  14 kobolds
  7 rats
121 creatures vanquished.

Vanquished Creatures (others)
  A fulminant prism (D:4)
1 creature vanquished.

Grand Total: 122 creatures vanquished

Notes
Turn   | Place    | Note
-------+----------+-------------------------------------------
     0 | D:1      | nikku the Deep Elf Conjurer began the quest for the Orb.
     0 | D:1      | Reached XP level 1. HP: 10/10 MP: 6/6
     1 | D:1      | Found a runed translucent door.
   375 | D:1      | Reached XP level 2. HP: 15/15 MP: 3/8
   379 | D:1      | Learned a level 2 spell: Searing Ray
   839 | D:1      | Reached skill level 4 in Spellcasting
   870 | D:1      | Reached skill level 5 in Conjurations
   870 | D:1      | Reached XP level 3. HP: 17/19 MP: 1/10
  1807 | D:1      | Reached XP level 4. HP: 24/24 MP: 7/12
  1864 | D:2      | Noticed Jessica
  1896 | D:2      | Killed Jessica
  1896 | D:2      | Reached skill level 5 in Spellcasting
  2591 | D:2      | Reached XP level 5. HP: 28/28 MP: 10/14
  2666 | D:2      | Learned a level 4 spell: Fulminant Prism
  2671 | D:2      | Learned a level 4 spell: Iskenderun's Mystic Blast
  2876 | D:3      | Noticed an ogre
  2883 | D:3      | Killed an ogre
  2883 | D:3      | Reached skill level 6 in Spellcasting
  3151 | D:3      | Reached XP level 6. HP: 32/32 MP: 14/17
  3923 | D:4      | Reached skill level 1 in Hexes
  3923 | D:4      | Reached skill level 1 in Translocations
  4040 | D:4      | Reached skill level 7 in Spellcasting
  4203 | D:4      | Reached XP level 7. HP: 36/36 MP: 12/19
  4326 | D:4      | Found a snail-covered altar of Cheibriados.
  4381 | D:4      | Killed from afar by an orc priest

Illustrated notes

Levels and vault maps discovered:
D:1:      dpeg_arrival_caged_fury, layout_basic, serial_glass, glass_columns_c,
          glass_columns_a
D:2:      layout_loops_ring, uniq_jessica
D:3:      layout_loops_ring
D:4:      layout_basic, kennysheep_mini_moat, first_ration, grunt_ministairs_6

Skill      XL: |  1  2  3  4  5  6  7 |
---------------+----------------------+-----
Spellcasting   | 4 5 6 7 |  7.5
Conjurations   | 5 6 |  6.6
Hexes          | 2 3 |  3.4
Translocations | 2 |  2.8
Dodging        | |  2.4
Stealth        | |  2.4

Action                   |  1- 3 |  4- 6 |  7- 9 || total
-------------------------+-------+-------+-------++-------
Melee: Short sword       |       |       |     2 ||     2
 Cast: Magic Dart        |    68 |    88 |    10 ||   166
       Searing Ray       |     8 |    17 |     5 ||    30
       Iskenderun's Myst |       |       |     1 ||     1
       Fulminant Prism   |       |       |     1 ||     1
  Use: Scroll            |       |    10 |       ||    10
  Eat: Chunk             |     3 |     7 |       ||    10
Armor: Robe              |     3 |       |       ||     3
Dodge: Dodged            |    20 |     4 |     7 ||    31
